Map: Vaani Research Station (Void)

Players

MAGA - Winner!

  • Race: Terran Terran
  • League: Platinum
  • Spawn Location: 6:00

Fropez

  • Race: Protoss Protoss
  • League: Gold
  • Spawn Location: 12:00

VOD

Have the link to the VOD?

Description

Time

  • Played on: Jan. 6, 2017, 5:51 p.m.
  • Length: 14:22
Show
View Real Time Build Order
Export as new Build Order

MAGA Terran - Winner!

Build Orders: Reaper Expand, MMM Bio 

Get SALT Encoding   

  12  0:01  SCV  
  13  0:13  SCV  
  14  0:18  Supply Depot  
  14  0:25  SCV  
  15  0:39  SCV  
  15  0:41  Barracks  
  16  0:47  Refinery  
  16  0:52  SCV  
  17  1:04  SCV  
  19  1:18  SCV  
  19  1:30  Orbital Command  
  19  1:31  Reaper  
  20  1:56  Command Center  
  20  2:05  Barracks Reactor  
  20  2:09  Barracks  
  20  2:11  SCV  
  21  2:21  Refinery  
  21  2:26  Supply Depot  
  21  2:32  SCV  
  22  2:41  Marine  
  23  2:47  Marine, SCV  
  25  2:51  Factory  
  25  2:59  Marine, SCV, Barracks Tech Lab  
  27  3:06  Marine  
  27  3:11  SCV  
  29  3:19  Stimpack  
  29  3:22  Marine  
  29  3:23  Marine  
  29  3:24  Marine, SCV  
  33  3:36  SCV, Starport  
  33  3:41  Orbital Command  
  34  3:48  SCV  
  35  3:55  Marine x3  
  34  4:00  SCV  
  34  4:01  Factory Reactor  
  38  4:08  Supply Depot  
  38  4:11  SCV  
  38  4:12  SCV  
  38  4:13  Marine  
  38  4:14  Marine  
  38  4:17  Marine  
  42  4:23  SCV  
  44  4:24  SCV  
  44  4:27  Supply Depot  
  45  4:35  SCV  
  45  4:36  SCV  
  47  4:42  Marine  
  47  4:43  Marine x2  
  50  4:47  Medivac x2  
  50  4:49  SCV  
  50  4:51  SCV  
  50  4:52  Supply Depot  
  56  4:56  Engineering Bay  
  56  4:59  Engineering Bay  
  56  5:00  Marine x2  
  56  5:01  SCV  
  59  5:08  SCV  
  59  5:13  SCV  
  61  5:18  Marine  
  62  5:27  Marine x2  
  64  5:28  SCV  
  64  5:29  SCV  
  64  5:32  Medivac  
  68  5:36  Marine, Supply Depot  
  68  5:37  Terran Infantry Weapons Level 1, Terran Infantry Armor Level 1  
  68  5:38  Supply Depot  
  68  5:40  SCV, Liberator  
  70  5:45  Barracks, Combat Shields  
  70  5:47  Barracks  
  70  5:57  Marine, SCV  
  63  6:25  Marine x3  
  65  6:30  SCV x2  
  67  6:32  Factory Tech Lab  
  67  6:34  Barracks Reactor  
  67  6:35  Barracks Tech Lab  
  67  6:42  SCV, Medivac x2  
  72  6:47  SCV  
  72  6:48  Marine x2  
  72  6:49  Marine  
  72  6:54  SCV  
  77  7:00  SCV  
  77  7:01  Supply Depot, Command Center  
  78  7:02  Supply Depot  
  78  7:03  Armory  
  78  7:04  Refinery  
  78  7:06  SCV, Refinery  
  79  7:09  Missile Turret x2  
  79  7:10  Missile Turret  
  79  7:12  SCV  
  79  7:28  Marine x3  
  79  7:29  Marine  
  83  7:31  Marauder, Medivac  
  83  7:33  SCV  
  83  7:36  Marine  
  89  7:42  Siege Tank  
  93  7:44  SCV  
  93  7:45  SCV  
  93  7:46  Marine x2  
  96  7:56  SCV  
  96  7:58  SCV  
  98  8:03  Marine x4  
  102  8:13  SCV x2, Medivac  
  102  8:16  Planetary Fortress  
  106  8:25  Marine x6, SCV x2  
  114  8:27  Siege Tank  
  114  8:34  Supply Depot x2  
  117  8:37  SCV x2, Terran Infantry Weapons Level 2  
  119  8:43  Marine x6  
  125  8:55  SCV x2  
  127  8:57  Medivac x2  
  127  9:00  Marine  
  127  9:01  Reaper  
  133  9:07  SCV  
  100  9:42  Missile Turret x2  
  100  9:43  Missile Turret x2  
  100  9:50  Marine x5  
  100  9:51  Marine  
  100  9:52  Medivac x2  
  106  10:03  SCV  
  106  10:06  Missile Turret x2  
  107  10:07  Missile Turret  
  107  10:08  Marine x6  
  107  10:13  Barracks  
  113  10:15  Supply Depot x2  
  113  10:16  Supply Depot  
  113  10:22  Medivac x2  
  113  10:25  Marine, Barracks  
  113  10:26  Marine x2, Barracks  
  120  10:29  Barracks  
  120  10:46  Missile Turret  
  120  11:03  Marine x2  
  121  11:04  Missile Turret  
  121  11:05  Barracks Reactor  
  121  11:06  Barracks Reactor, Missile Turret  
  121  11:07  Missile Turret  
  121  11:08  Marauder  
  121  11:09  Factory Tech Lab  
  121  11:11  Missile Turret  
  121  11:13  Barracks Tech Lab x2  
  121  11:15  Marine  
  122  11:21  Marine  
  122  11:24  Missile Turret  
  123  11:27  Missile Turret  
  123  11:28  Missile Turret  
  123  11:29  Marauder  
  123  11:31  Marine x3, Refinery  
  128  11:33  Refinery  
  128  11:38  Concussive Shells  
  128  11:43  Barracks Tech Lab  
  128  11:50  Marine x6  
  128  11:51  Marauder x2  
  138  11:56  Marine  
  139  12:08  Marine x3  
  142  12:14  Marine x3  
  147  12:15  Marauder  
  147  12:16  Marauder x3  
  146  12:31  Marine x2  
  146  12:32  Marine  
  144  12:37  Marauder  
  143  12:55  Marine x6  
  144  13:03  Widow Mine  
  144  13:05  Marauder x4  
  154  13:12  Marine  
  154  13:13  Marine x2  
  155  13:26  Marauder x2  
  157  13:33  Widow Mine  
  157  13:37  Marauder  
  157  13:40  Marauder  
  148  13:55  Marine x3  
  147  13:56  Marine x5  
  147  13:58  Marine  
  147  14:01  Marine  
Show
View Real Time Build Order
Export as new Build Order

Fropez Protoss 

Build Orders: 1 Gate Expand 

Get SALT Encoding   

  12  0:01  Probe (Chrono Boost)  
  13  0:13  Probe (Chrono Boost)  
  14  0:22  Pylon  
  14  0:24  Probe (Chrono Boost)  
  15  0:40  Probe (Chrono Boost)  
  16  0:44  Gateway  
  16  0:49  Assimilator  
  16  0:51  Probe (Chrono Boost)  
  17  1:01  Probe (Chrono Boost)  
  18  1:16  Pylon  
  18  1:24  Assimilator  
  18  1:33  Nexus  
  18  1:49  Cybernetics Core  
  18  1:56  Probe (Chrono Boost)  
  18  1:59  Pylon  
  19  2:07  Probe (Chrono Boost)  
  19  2:11  Assimilator  
  19  2:17  Probe (Chrono Boost)  
  19  2:22  Pylon  
  20  2:26  Warp Gate  
  20  2:30  Zealot  
  20  2:33  Probe (Chrono Boost)  
  23  2:43  Probe (Chrono Boost)  
  24  2:49  Gateway  
  25  2:52  Mothership Core (Chrono Boost)  
  25  2:54  Probe (Chrono Boost)  
  25  2:57  Assimilator  
  27  3:04  Probe (Chrono Boost)  
  28  3:06  Adept  
  30  3:16  Probe (Chrono Boost)  
  31  3:21  Probe (Chrono Boost)  
  33  3:28  Pylon  
  32  3:34  Twilight Council  
  32  3:40  Adept  
  32  3:41  Adept  
  36  3:51  Probe (Chrono Boost)  
  36  3:52  Probe (Chrono Boost)  
  38  4:02  Probe (Chrono Boost)  
  39  4:04  Probe (Chrono Boost)  
  39  4:06  Resonating Glaives  
  39  4:07  Gateway  
  41  4:17  Probe (Chrono Boost)  
  41  4:18  Probe (Chrono Boost)  
  42  4:25  Forge  
  42  4:30  Probe (Chrono Boost)  
  44  4:31  Pylon  
  44  4:32  Probe (Chrono Boost)  
  44  4:40  Pylon  
  44  4:43  Probe (Chrono Boost)  
  44  4:44  Protoss Ground Weapons Level 1  
  45  4:52  Probe (Chrono Boost)  
  46  4:55  Probe (Chrono Boost)  
  46  4:57  Adept x2  
  49  5:23  Dark Shrine  
  49  5:26  Adept x2  
  53  5:29  Adept  
  53  5:30  Gateway  
  53  5:32  Gateway  
  55  5:35  Gateway  
  55  5:44  Pylon  
  55  5:52  Stalker x2  
  55  5:55  Adept  
  54  6:23  Probe x2 (Chrono Boost)  
  56  6:31  Protoss Ground Weapons Level 2  
  56  6:33  Robotics Facility  
  56  6:38  Charge, Photon Cannon  
  56  6:41  Pylon  
  56  6:42  Adept x4  
  56  6:43  Adept x2  
  68  6:50  Probe x2 (Chrono Boost)  
  72  7:02  Probe x2 (Chrono Boost)  
  72  7:10  Assimilator  
  72  7:11  Pylon  
  72  7:14  Probe (Chrono Boost)  
  72  7:15  Probe (Chrono Boost)  
  74  7:34  Nexus  
  74  7:37  Pylon  
  74  7:43  Photon Cannon  
  74  7:44  Warp Prism  
  74  7:47  Dark Templar x3  
  74  7:51  Dark Templar  
  84  7:57  Adept  
  84  7:58  Adept  
  88  8:23  Pylon  
  88  8:27  Photon Cannon  
  88  8:30  Pylon  
  88  8:31  Assimilator  
  88  8:35  Assimilator  
  88  8:37  Pylon  
  80  9:38  Adept x5  
  84  9:39  Adept  
  82  9:54  Observer  
  73  10:01  Adept x3  
  73  10:02  Adept x3  
  85  10:12  Probe (Chrono Boost)  
  85  10:13  Probe x2 (Chrono Boost)  
  88  10:22  Probe (Chrono Boost), Stalker  
  88  10:23  Stalker x2  
  88  10:24  Stalker  
  88  10:25  Probe x2 (Chrono Boost)  
  88  10:26  Stalker  
  100  10:33  Probe (Chrono Boost)  
  95  10:57  Templar Archives  
  95  11:00  Gateway  
  95  11:02  Probe (Chrono Boost)  
  95  11:03  Probe x2 (Chrono Boost)  
  98  11:08  Adept x6  
  110  11:15  Probe x2 (Chrono Boost)  
  112  11:23  Forge  
  112  11:29  Forge  
  112  11:36  Gateway  
  112  11:38  Gateway  
  112  11:39  Photon Cannon  
  112  11:40  Gateway  
  112  11:42  Gateway  
  112  11:46  Pylon  
  112  11:48  Dark Templar x3  
  112  11:54  Robotics Facility  
  118  11:55  Robotics Bay  
  118  11:58  Pylon  
  118  12:00  Pylon  
  116  12:11  Dark Templar  
  101  12:19  Dark Templar x2  
  69  12:40  Dark Templar x3  
  63  12:48  Dark Templar  
  55  13:12  Dark Templar  
  31  14:09  Pylon  
  31  14:12  Pylon, High Templar x3  
  31  14:13  High Templar x2  
  31  14:14  Pylon  
  31  14:16  Archon x2  
Tags
 
Add a new tag
Caveats
  • Supply blocks, unpowered buildings, or Contaminate may cause inaccurate times.
  • Supply counts are checked every 10 seconds.